AoeStats
← Iguano Pop

Arabian Desert

510039541Analyzed
1v1 RM · 3d ago on Sep 29, 2026· 49m 33s· 2 players
Game mode
Random Map
Map size
Tiny (2 player)
Population
200
Speed
Normal
Resources
Standard
Victory
Conquest
Starting age
Dark Age
Ending age
Imperial Age
RankedLock teamsTeams togetherTeam positionsShared explorationLock speedFull tech treeHidden civsTurbo modeCheats
Victory
Defeat
🇲🇽 Poles · Mexico
1336
+18
🇮🇳 Goths · India
1371
-18
Iguano Pop
6:57 Loom
9:24 Feudal Age
10:21 Double-Bit Axe
18:42 Gold Mining
19:48 Forging
20:55 Fletching
26:01 Castle Age
24:59 Bloodlines
27:17 Wheelbarrow
26:33 Town Watch
26:47 Bodkin Arrow
26:13 Crossbowman
26:27 Light Cavalry
27:39 Husbandry
29:07 Scale Barding Armor
30:33 Horse Collar
37:15 Imperial Age
36:11 Bow Saw
44:18 Ballistics
46:05 Szlachta Privileges
47:08 Chemistry
49:28 Arbalester
RockAxe8716
7:01 Loom
7:36 Loom
9:34 Feudal Age
9:42 Man-at-Arms
11:00 Double-Bit Axe
15:42 Fletching
22:04 Castle Age
21:09 Scale Mail Armor
21:11 Padded Archer Armor
22:11 Padded Archer Armor
22:59 Wheelbarrow
22:46 Squires
22:08 Long Swordsman
23:11 Bow Saw
23:51 Chain Mail Armor
26:02 Pikeman
28:08 Forging
41:36 Imperial Age
40:37 Iron Casting
39:55 Town Watch
42:40 Conscription
43:08 Iron Casting
42:36 Halberdier
43:31 Perfusion
44:00 Anarchy
45:50 Horse Collar
48:07 Blast Furnace
Connection lost

Rejoining the realm…

Still unreachable

The connection could not be restored.

Session expired

The server has moved on; the page needs a fresh start.